 Dungeon Crawl Stone Soup version 0.31-a0-1074-g0b22e4e0f1 (webtiles) character file.

Game seed: 17644640541097550544

476 Lobster4 the Caller (level 7, -6/40 HPs)
             Began as a Tengu Summoner on Nov 27, 2023.
             Killed by divine providence
             ... invoked by an orc priest
              (15 damage)
             ... on level 4 of the Dungeon.
             The game lasted 00:17:40 (4651 turns).

Lobster4 the Caller (Tengu Summoner)                Turns: 4651, Time: 00:17:41

Health: -6/40      AC:  3    Str: 10    XL:     7   Next: 10%
Magic:  0/13       EV: 17    Int: 16    God:
Gold:   138        SH:  0    Dex: 14    Spells: 4/13 levels left

rFire   . . .        f - staff of poison
rCold   . . .        (no shield)
rNeg    . . .        a - +0 robe
rPois   +            (helmet restricted)
rElec   .            p - +0 cloak
rCorr   +            (no gloves)
SInv    .            (boots unavailable)
Will    .....        (no amulet)
Stlth   ++           m - ring of resist corrosion
HPRegen 0.26/turn    (no ring)
MPRegen 0.13/turn

%: acrobat
@: flying
A: beak, talons 3, evasive flight, acrobatic
a: no special abilities


You were on level 4 of the Dungeon.
You visited 1 branch of the dungeon, and saw 4 of its levels.

You collected 138 gold pieces.

Inventory:

Hand Weapons
 c - a +0 dagger
 k - a +0 spear
 n - a +0 rapier
Missiles
 d - 33 stones
 h - 2 javelins
Armour
 a - a +0 robe (worn)
 e - a +0 leather armour
 p - a +0 cloak (worn)
Magical Staves
 f - a staff of poison (weapon)
Jewellery
 m - a ring of resist corrosion (left hand)
Scrolls
 o - a scroll of noise
 s - a scroll of enchant weapon {unknown}
Potions
 b - a potion of magic
 g - 2 potions of haste
 i - a potion of enlightenment
 j - a potion of attraction
 r - a potion of cancellation {unknown}
 t - a potion of mutation {unknown}


   Skills:
 - Level 2.0 Fighting
 - Level 2.0 Staves
 - Level 2.0 Armour
 - Level 3.0 Dodging
 - Level 2.0 Stealth
 + Level 3.8 Spellcasting
 + Level 1.4 Hexes
 + Level 6.6 Summonings


You had 4 spell levels left.
You knew the following spells:

 Your Spells              Type           Power      Damage    Failure   Level
a - Summon Small Mammal   Summ           96%        N/A       1%          1
b - Call Imp              Summ           48%        N/A       1%          2
c - Call Canine Familiar  Summ           24%        N/A       3%          3
d - Summon Guardian Gole  Hex/Summ       16%        N/A       10%         3

Your spell library contained the following spells:

 Spells                   Type           Power      Damage    Failure   Level
 Summon Lightning Spire   Summ/Air       13%        N/A       41%         4


Dungeon Overview and Level Annotations

Branches:
Dungeon (4/15)
 Temple: D:4-7

Altars:

Annotations:
D:4 exclusion: wight


Innate Abilities, Weirdness & Mutations

You have a beak for a mouth.
You have claws for feet.
Your magical flight helps you evade attacks. (EV +4)
You can magically evade attacks while moving or waiting.


Message History

Your cerulean imp closely misses the adder.
The adder barely misses your cerulean imp. x2
Your cerulean imp barely misses the adder.
The adder barely misses your cerulean imp.
An orc comes into view. It is wielding a +0 flail.
Your cerulean imp misses the adder.
The adder barely misses your cerulean imp.
The orc priest casts a cantrip, but nothing happens.
Your cerulean imp closely misses the adder.
The adder bites your cerulean imp. x2
The orc priest mumbles some strange prayers to Beogh against you.
Beogh smites you!
Your cerulean imp misses the adder.
Your cerulean imp looks more healthy.
The adder closely misses your cerulean imp.
The orc priest begins to cast a cantrip, but forgets the words!
Your cerulean imp completely misses the adder.
The adder barely misses your cerulean imp.
Your cerulean imp barely misses the adder.
Something misses your cerulean imp.
Something closely misses your cerulean imp.
Something hits you.
A sleepcap comes into view.
You hear some strange, mumbled words.
Something tries to affect you, but you resist.
Your hound barely misses the orc.
Your hound bites the orc.
Casting: Summon Small Mammal (safe; 1% risk of failure)
Confirm with . or Enter, or press ? or * to list all spells.
Unknown command.
Casting: Call Canine Familiar (dangerous; 3% risk of failure)
Confirm with . or Enter, or press ? or * to list all spells.
A tiny devil pulls itself out of the air.
The adder completely misses you.
Your hound bites the adder.
The adder bites you.
The orc priest invokes the aid of Beogh against you.
Beogh smites you!
* * * LOW HITPOINT WARNING * * *
The orc priest mumbles some strange prayers to Beogh against you.
Beogh smites you!
You die...

####### .....5##
####...###### #
.....h.@..f.#
##).#####..S####.#
^..ooS..##o#####.#
#...o..o...#
####.#####f# #.#
#.# #.# #.# ..#
#.. ### #..


You could see a sleepcap, 2 orc priests, an adder (ally target), a friendly
hound (summoned) and a friendly cerulean imp (summoned).

Vanquished Creatures
  2 orc wizards (D:3)
  An adder (D:2)
  A bat (D:2)
  2 endoplasms
  2 giant cockroaches
  A goblin (D:1)
  3 hobgoblins
  2 ball pythons
  2 frilled lizards
  3 rats
19 creatures vanquished.

Vanquished Creatures (collateral kills)
  A bullfrog (D:4)
  2 scorpions (D:4)
  Crazy Yiuf (D:3)
  A sleepcap (D:4)
  Robin (D:3)
  6 adders
  A river rat (D:3)
  A worm (D:3)
  7 orcs
  7 ball pythons
  4 endoplasms
  5 giant cockroaches
  11 hobgoblins
  4 quokkas
  8 bats
  5 frilled lizards
  14 goblins
  2 kobolds (D:2)
  6 rats
87 creatures vanquished.

Grand Total: 106 creatures vanquished

Notes
Turn   | Place    | Note
-------+----------+-------------------------------------------
     0 | D:1      | Lobster4 the Tengu Summoner began the quest for the Orb.
     0 | D:1      | Reached XP level 1. HP: 10/10 MP: 4/4
   317 | D:1      | Reached XP level 2. HP: 16/16 MP: 4/6
   327 | D:1      | Learned a level 2 spell: Call Imp
   504 | D:1      | Reached skill level 5 in Summonings
   942 | D:1      | Reached skill level 1 in Armour
  1186 | D:1      | Reached XP level 3. HP: 20/20 MP: 3/7
  1323 | D:2      | Learned a level 3 spell: Call Canine Familiar
  1361 | D:2      | Reached skill level 1 in Fighting
  1819 | D:2      | Found a faded altar of an unknown god.
  1963 | D:2      | Reached XP level 4. HP: 20/25 MP: 3/8
  2480 | D:3      | Noticed Robin
  2509 | D:3      | Killed Robin
  2652 | D:3      | Found a runed translucent door.
  2653 | D:3      | Noticed Crazy Yiuf
  2829 | D:3      | Reached skill level 1 in Staves
  3053 | D:3      | Reached XP level 5. HP: 16/30 MP: 1/10
  3304 | D:3      | Killed Crazy Yiuf
  3699 | D:3      | Reached XP level 6. HP: 35/35 MP: 8/11
  4152 | D:3      | Learned a level 3 spell: Summon Guardian Golem
  4173 | D:4      | Reached skill level 6 in Summonings
  4426 | D:4      | Reached skill level 1 in Hexes
  4618 | D:4      | Gained mutation: Your magical flight helps you evade
                  | attacks. (EV +4) [Tengu growth]
  4618 | D:4      | Reached XP level 7. HP: 40/40 MP: 7/13
  4622 | D:4      | Found the +11 Singing Sword {sonic wave}
  4651 | D:4      | Killed from afar by an orc priest

Illustrated notes

Levels and vault maps discovered:
D:1:      spicycebolla_green_bress_n_ham, layout_basic, serial_glass,
          glass_columns_c, glass_columns_b
D:2:      layout_basic, hellmonk_ecumenical_altar_heavens_door
D:3:      layout_loops_ring, mainiacjoe_sewer_entry_somewhere_in_here_1,
          uniq_robin, uniq_crazy_yiuf_cottage
D:4:      old_forge, layout_loops_ring, kennysheep_pointless_box,
          kennysheep_cross_bottleneck

Skill      XL: |  1  2  3  4  5  6 |
---------------+-------------------+-----
Summonings     | 5 6 |  6.6
Armour         | 1 2 |  2.0
Fighting       | 1 2 |  2.0
Dodging        | 3 |  3.0
Staves         | 1 2 |  2.0
Spellcasting   | 3 |  3.8
Hexes          | 1 |  1.4
Stealth        | |  2.0

Action                     |  1- 3 |  4- 6 |  7- 9 || total
---------------------------+-------+-------+-------++-------
  Melee: Dagger            |     4 |       |       ||     4
         Unarmed           |     1 |       |       ||     1
         Peck              |     2 |     8 |       ||    10
         Staff             |    18 |    37 |       ||    55
         Kick              |     2 |    10 |       ||    12
   Cast: Summon Small Mamm |    56 |    69 |     2 ||   127
         Call Imp          |    19 |    38 |     2 ||    59
         Call Canine Famil |       |     6 |     2 ||     8
    Use: Scroll            |       |     9 |       ||     9
         Potion            |       |     4 |       ||     4
   Stab: Sleeping          |       |     1 |       ||     1
 Armour: Robe              |    14 |    49 |     2 ||    65
  Dodge: Dodged            |    21 |    94 |     1 ||   116

Table legend: (Time is in decaauts)
 A = Elapsed time spent in this place.
 B = Non-inter-level travel time spent in this place.
 C = Inter-level travel time spent in this place.
 D = Time resting spent in this place.
 E = Time spent auto-exploring this place.
 F = Levels seen in this place.
 G = Mean time per level.
                   A        B        C        D        E       F      G
               +--------+--------+--------+--------+--------+-----+--------+
         Total |   4656 |   4458 |    198 |    324 |   2778 |   4 | 1164.0 |
       Dungeon |   4656 |   4458 |    198 |    324 |   2778 |   4 | 1164.0 |
               +--------+--------+--------+--------+--------+-----+--------+

Top non-repeatable levels by time:
     D:3: 1572 daAuts
     D:1: 1299 daAuts
     D:2: 1297 daAuts
     D:4: 486 daAuts
